 Dungeon Crawl Stone Soup version 0.19.0-2-gae57169 (webtiles) character file.

4151 tv1990 the Basher (level 10, -2/74 HPs)
             Began as a Formicid Monk on Nov 5, 2016.
             Was an Elder of Okawaru.
             Slain by an ice devil (4 damage)
             ... on level 1 of the Lair of Beasts.
             The game lasted 00:20:55 (6557 turns).

tv1990 the Basher (Formicid Monk)                   Turns: 6557, Time: 00:20:55

Health: -2/74      AC: 16    Str: 19    XL:     10   Next: 52%
Magic:  16/17      EV: 10    Int:  9    God:    Okawaru [****..]
Gold:   448        SH:  6    Dex: 16    Spells: 0 memorised, 9 levels left

rFire  + . .     SeeInvis +     h - +6 flail (crush)
rCold  + . .     Gourm    .     V - +0 plate armour
rNeg   . . .     Faith    +     N - +0 buckler
rPois  +         Spirit   .     (helmet unavailable)
rElec  +         Reflect  .     m - +1 cloak
rCorr  +         Harm     .     (no gloves)
MR     ++...                    (no boots)
Stlth  ..........               F - amulet of faith
                                y - ring of resist corrosion
                                L - ring of protection from magic

@: resistant, heroism
A: permanent stasis, dig shafts and tunnels, four strong arms, antennae 3,
strong 1
a: Dig, Shaft Self, Heroism, Renounce Religion


You were on level 1 of the Lair of Beasts.
You worshipped Okawaru.
Okawaru was greatly pleased with you.
You were hungry.

You visited 3 branches of the dungeon, and saw 10 of its levels.

You collected 448 gold pieces.

Inventory:

Hand Weapons
 a - a +0 mace
 f - a +0 blowgun
 h - a +6 flail of crushing (weapon)
 o - a +1 whip
 q - a +0 flail
 X - a +3 scimitar of flaming
Missiles
 w - 8 poisoned needles
 D - 3 javelins (quivered)
Armour
 b - a +0 robe
 d - a +0 ring mail
 m - a +1 cloak (worn)
 z - a +0 scale mail
 H - a +0 chain mail
 N - a +0 buckler (worn)
 V - a +0 plate armour (worn)
Jewellery
 g - an uncursed ring of positive energy
 k - an uncursed amulet of guardian spirit
 y - a ring of resist corrosion (right hand)
 C - an uncursed amulet of regeneration
 F - an amulet of faith (around neck)
 L - a ring of protection from magic (left hand)
Wands
 u - a wand of polymorph (13/24)
 G - a wand of iceblast (9/15)
 I - a wand of digging (12/24)
 K - a wand of disintegration (11/24)
 M - a wand of iceblast (10/15)
 Q - a wand of disintegration (9/24)
 U - a wand of slowing (14/48)
 W - a wand of iceblast (4/15)
Scrolls
 i - a scroll of random uselessness
 l - 3 scrolls of remove curse
 r - 4 scrolls of enchant weapon
 s - 3 scrolls of fog
 x - a scroll of immolation
 P - 2 scrolls of identify
 R - a scroll of magic mapping
 S - a scroll of summoning {unknown}
 T - a scroll of fear
Potions
 n - 2 potions of agility {unknown}
 t - a potion of cure mutation
 A - a potion of resistance
 B - a potion of brilliance
 E - 2 potions of degeneration {unknown}
Comestibles
 c - 5 bread rations
 j - 6 meat rations
 p - 6 beef jerkies
 v - a royal jelly
 J - a slice of pizza


   Skills:
 + Level 5.0(10.0) Fighting
 * Level 10.4(15.4) Maces & Flails
 + Level 3.4(8.4) Armour
 + Level 3.6(8.6) Dodging
 - Level 2.4(7.4) Stealth
 - Level 2.9(7.9) Shields
 - Level 10.2 Invocations


You had 9 spell levels left.
You didn't know any spells.

Dungeon Overview and Level Annotations

Branches:
Dungeon (8/15)             Temple (1/1) D:6            Lair (1/6) D:8

Altars:
Ashenzari
Cheibriados
Dithmenos
Elyvilon
Fedhas
Gozag
Hepliaklqana
Kikubaaqudgha
Makhleb
Nemelex Xobeh
Okawaru
Qazlal
Ru
Sif Muna
Trog
Uskayaw
Vehumet
Xom
Yredelemnul
Zin
The Shining One

Shops:
D:4 [

Portals:
Ice
Cave: Lair:1


Innate Abilities, Weirdness & Mutations

You are under a permanent stasis effect.
You can dig through walls and to a lower floor.
Your four strong arms can wield two-handed weapons with a shield.
You have a pair of large antennae on your head. (SInv)
Your muscles are strong. (Str +2)


Message History

The ice devil hits you but does no damage.
You feel better. The ice devil barely misses you.
You feel better. The ice devil hits you.
* * * LOW HITPOINT WARNING * * *
The ice devil freezes you! You resist.
* * * LOW HITPOINT WARNING * * *
Your plate armour prevents you from hitting the ice devil.
The ice devil is severely wounded.
You closely miss the ice devil.
The ice devil is severely wounded.
The ice devil hits you!
* * * LOW HITPOINT WARNING * * *
The ice devil freezes you. You resist.
* * * LOW HITPOINT WARNING * * *
It was a potion of beneficial mutation.
You feel stronger.
You feel fantastic!
You extend your mandibles.
You dig through the rock wall.
The ice devil hits you.
You die...

.................P##########..###
.................................
.........#############..#######..
....###.##### ##..# #...
....##### #... #####P..## #...
.....# #....##.+.##...# ##..
....#######∩.....4#.##..######...
.........##....##4'......>.......
.........##... #@##.............#
#####.####### ######....#####...
#####.########## ##..#####...#
...............# #####...........
................ ................
#..#.P.#.#####.# .#####..###.##..
#...####### #.###.###..#######..
#..######.####..........##.####..
.................................


You could see 2 ice devils.

Vanquished Creatures
  Erica (Lair:1)
  A black mamba (Lair:1)
  A two-headed ogre (D:8)
  A hippogriff (Lair:1)
  Sigmund (D:5)
  A hungry ghost (D:8)
  Edmund (D:4)
  Duvessa (D:5)
  2 orc warriors (D:8)
  A black bear (D:6)
  4 ogres
  2 centaurs
  3 big kobolds
  2 bullfrogs (D:6)
  Dowan (D:5)
  3 scorpions
  3 howler monkeys
  2 crimson imps
  A centaur zombie (D:6)
  A quasit (D:8)
  A bullfrog zombie (D:8)
  2 hounds (D:4)
  4 orc wizards
  3 orc priests
  A bullfrog skeleton (D:7)
  3 iguanas
  4 worker ants
  7 adders
  5 river rats (D:8)
  3 shadow imps
  3 oozes (D:1)
  3 adder skeletons
  A worm (D:2)
  A dart slug (D:3)
  3 leopard geckos
  18 orcs
  21 bats
  15 giant cockroaches
  7 goblins
  9 hobgoblins
  6 jackals
  4 quokkas
  2 ball pythons
  A ball python skeleton (D:5)
  4 frilled lizards
  18 kobolds
  15 rats
197 creatures vanquished.

Notes
Turn   | Place    | Note
-------+----------+-------------------------------------------
     0 | D:1      | tv1990 the Formicid Monk began the quest for the Orb.
     0 | D:1      | Reached XP level 1. HP: 18/18 MP: 1/1
   147 | D:1      | Reached XP level 2. HP: 18/24 MP: 2/2
   339 | D:1      | Reached XP level 3. HP: 29/29 MP: 3/3
   480 | D:1      | Reached skill level 1 in Armour
   865 | D:2      | Reached XP level 4. HP: 33/37 MP: 4/4
   879 | D:2      | Found a shimmering altar of Xom.
  1544 | D:3      | Reached XP level 5. HP: 41/42 MP: 5/5
  1839 | D:3      | Found a sparkling altar of Nemelex Xobeh.
  2246 | D:4      | Reached skill level 5 in Maces & Flails
  2514 | D:4      | Found Fusosufi's Antique Armour Emporium.
  2620 | D:4      | Reached XP level 6. HP: 45/48 MP: 1/6
  3037 | D:4      | Noticed Edmund
  3060 | D:4      | Killed Edmund
  3060 | D:4      | Reached XP level 7. HP: 26/54 MP: 4/7
  3435 | D:5      | Entered Level 5 of the Dungeon
  3562 | D:5      | Noticed Sigmund
  3566 | D:5      | LOOK AT WHAT YOUR BROTHER GAVE ME
  3566 | D:5      | i will kill you with your bro's gift
  3566 | D:5      | +6 flail of crushing
  3566 | D:5      | NYAHAHAHAHAHA
  3572 | D:5      | Killed Sigmund
  3572 | D:5      | Reached XP level 8. HP: 54/60 MP: 6/8
  3573 | D:5      | you never stood a chance
  3613 | D:5      | Noticed Duvessa
  3613 | D:5      | Noticed Dowan
  3627 | D:5      | Killed Duvessa
  3635 | D:5      | Killed Dowan
  4051 | D:6      | Found a staircase to the Ecumenical Temple.
  4086 | Temple   | Entered the Ecumenical Temple
  4184 | Temple   | Became a worshipper of Warmaster Okawaru
  4184 | Temple   | Reached * piety under Okawaru
  4184 | Temple   | Reached ** piety under Okawaru
  4260 | D:6      | Reached skill level 1 in Invocations
  4392 | D:6      | Reached XP level 9. HP: 48/65 MP: 8/11
  4509 | D:6      | Reached skill level 5 in Invocations
  4670 | D:7      | Found a burning altar of Makhleb.
  5070 | D:8      | Noticed a two-headed ogre
  5075 | D:8      | Killed a two-headed ogre
  5075 | D:8      | Reached *** piety under Okawaru
  5124 | D:8      | Found a glowing silver altar of Zin.
  5571 | D:8      | Reached XP level 10. HP: 65/71 MP: 17/17
  5648 | D:8      | Reached **** piety under Okawaru
  5701 | D:8      | Found a staircase to the Lair.
  5713 | D:8      | Reached skill level 10 in Invocations
  6051 | Lair:1   | Entered Level 1 of the Lair of Beasts
  6052 | Lair:1   | aaaah fresh air , i'm in a lair
  6052 | Lair:1   | i'm a okawaru following
  6052 | Lair:1   | flail +6 of crushing weilding
  6052 | Lair:1   | formicid of death
  6052 | Lair:1   | here i cooooome ♫
  6210 | Lair:1   | Noticed Erica
  6222 | Lair:1   | Killed Erica
  6222 | Lair:1   | Reached skill level 10 in Maces & Flails
  6289 | Lair:1   | Noticed a black mamba
  6297 | Lair:1   | Killed a black mamba
  6297 | Lair:1   | Reached skill level 5 in Fighting
  6539 | Lair:1   | Found a frozen archway.
  6539 | Lair:1   | Noticed an ice devil
  6540 | Lair:1   | Noticed an ice devil
  6554 | Lair:1   | HP: 1/74 [ice devil (5)]
  6556 | Lair:1   | Gained mutation: Your muscles are strong. (Str +2) [potion of beneficial mutation]
  6557 | Lair:1   | Slain by an ice devil

Skill      XL: |  1  2  3  4  5  6  7  8  9 10 |
---------------+-------------------------------+-----
Armour         | 1 2 3 |  3.4
Maces & Flails | 4 5 7 8 9 10 | 10.4
Fighting       | 4 5 |  5.0
Invocations    | 3 9 10 | 10.2
Shields        | 2 |  2.9
Dodging        | 3 |  3.6
Stealth        | |  2.4

Action                   |  1- 3 |  4- 6 |  7- 9 | 10-12 || total
-------------------------+-------+-------+-------+-------++-------
Melee: Mace              |    57 |       |       |       ||    57
       Whip              |    59 |   168 |       |       ||   227
       Flail             |       |    94 |   247 |    54 ||   395
Invok: Heroism           |       |       |     2 |     1 ||     3
 Abil: Dig               |     2 |     5 |     6 |     1 ||    14
  Use: Scroll            |       |    12 |     4 |       ||    16
       Potion            |       |     1 |     1 |     6 ||     8
 Stab: Sleeping          |     2 |     1 |       |       ||     3
  Eat: Chunk             |       |     7 |    10 |     3 ||    20
Armor: Ring mail         |    60 |    69 |       |       ||   129
       Scale mail        |       |    31 |     5 |       ||    36
       Chain mail        |       |       |   112 |     9 ||   121
       Plate armour      |       |       |       |    12 ||    12
Dodge: Dodged            |   100 |   127 |    73 |    17 ||   317
Block: Buckler           |       |       |    42 |    11 ||    53

Table legend:
 A = Turns spent in this place as a percentage of turns spent in the entire game.
 B = Non-inter-level travel turns spent in this place as a percentage of non-inter-level travel turns spent in the entire game.
 C = Inter-level travel turns spent in this place as a percentage of turns spent in this place.
 D = Turns resting spent in this place as a percentage of non-inter-level travel turns spent in this place.
 E = Turns spent auto-exploring this place as a percentage of non-inter-level travel turns spent in this place.
 F = Non-inter-level travel turns spent in this place divided by the number of levels of this place that you've seen.
                   A       B       C       D       E      F
               +-------+-------+-------+-------+-------+----------------------
         Total | 100.0 | 100.0 |   0.7 |   2.0 |  16.6 | 176.4
       Dungeon |  94.6 |  94.7 |   0.6 |   1.7 |  16.2 | 208.8
        Temple |   0.9 |   0.8 |  12.5 |   0.0 |  57.1 |  14.0
          Lair |   4.5 |   4.5 |   0.0 |   8.8 |  16.2 |  80.0
               +-------+-------+-------+-------+-------+----------------------

Table legend:
 A = Kills in this place as a percentage of kills in entire the game.
 B = Kills by you in this place as a percentage of kills by you in the entire game.
 C = Kills by friends in this place as a percentage of kills by friends in the entire game.
 D = Other kills in this place as a percentage of other kills in the entire game.
 E = Experience gained in this place as a percentage of experience gained in the entire game.
 F = Experience gained in this place divided by the number of levels of this place that you have seen.
                   A       B       C       D       E      F
               +-------+-------+-------+-------+-------+----------------------
         Total | 100.0 | 100.0 |  -nan |  -nan | 100.0 | 593.1
       Dungeon |  98.5 |  98.5 |  -nan |  -nan |  73.2 | 542.4
          Lair |   1.5 |   1.5 |  -nan |  -nan |  26.8 | 1592.0
               +-------+-------+-------+-------+-------+----------------------

Vault maps used:
D:1:      onia_arrival_mini_maze
D:2:      xom_butterflies
D:3:      overflow_temple_1_default
D:4:      serial_shops, shop, serial_bayou_lagoon_a, uniq_edmund
D:5:      first_bread, hangedman_decor_growths, uniq_duvessa, uniq_sigmund
D:6:      kennysheep_flooded_box
D:7:      lemuel_crystal_altar
D:8:      lemuel_crystal_altar, grunt_lair_entry_orc_guard_hut
Temple:   minmay_temple_bridge_d
Lair:1:   portal_ice_cave_demonic_guard, uniq_erica
